 Dungeon Crawl Stone Soup version 0.29.1-15-g9cfb28693d (webtiles) character file.

Game seed: 15220327102709010610

6307 croobank the Insei (level 10, -2/102 HPs)
             Began as an Octopode Transmuter on Apr 24, 2023.
             Was a High Priest of the Shining One.
             Slain by a boulder beetle (22 damage)
             ... on level 7 of the Dungeon.
             The game lasted 00:35:42 (9480 turns).

croobank the Insei (Octopode Transmuter)            Turns: 9480, Time: 00:35:43

Health: -2/102     AC:  1    Str:  9    XL:     10   Next: 95%
Magic:  13/18      EV: 15    Int: 21    God:    the Shining One [*****.]
Gold:   328        SH:  0    Dex: 12    Spells: 11/20 levels left

rFire   . . .      SeeInvis .     - Unarmed
rCold   . . .      Faith    .   h - orb {*Rage}
rNeg    + + .      Spirit   .   (helmet restricted)
rPois   .          Reflect  .   E - amulet of regeneration
rElec   .          Harm     .   (no ring)
rCorr   .          Rampage  .   (no ring)
Will    .....      Rage     20% (no ring)
Stlth   ..........              (no ring)
HPRegen 1.07/turn               (no ring)
MPRegen 0.16/turn               (no ring)
                                (no ring)
                                (no ring)

@: mighty, berserking, glowing, very quick
A: almost no armour, amphibious, 8 rings, camouflage 1, gelatinous body 1,
(nimble swimmer 1), tentacles
a: Renounce Religion, Divine Shield, Cleansing Flame, Summon Divine Warrior


You were on level 7 of the Dungeon.
You worshipped the Shining One.
The Shining One was extremely pleased with you.
You visited 1 branch of the dungeon, and saw 7 of its levels.
You also visited: Ossuary and Bailey.

You collected 328 gold pieces.

Inventory:

Hand Weapons
 a - a +2 shortbow of freezing
 b - a +4 vorpal sling
 c - a +1 dagger of venom
 k - a +4 club
 v - a +1 trident
 w - a +0 war axe
 x - a +3 falchion of freezing
 C - a +3 scimitar
 D - a +3 morningstar
Missiles
 e - 4 curare-tipped darts
 q - 5 boomerangs (quivered)
 z - 10 poisoned darts
Armour
 h - an orb of wrath (worn)
Jewellery
 f - an amulet of magic regeneration
 l - a ring of fire
 E - an amulet of regeneration (around mantle)
Wands
 s - a wand of polymorph (13)
 B - a wand of digging (6)
Scrolls
 g - 2 scrolls of immolation
 o - 3 scrolls of identify
 p - 2 scrolls of teleportation
 r - a scroll of silence
 y - a scroll of poison
 F - 3 scrolls of fear
Potions
 i - a potion of heal wounds
 j - a potion of curing
 m - a potion of invisibility
 n - a potion of flight {unknown}
 t - 2 potions of brilliance
 u - 2 potions of lignification
 A - a potion of mutation {unknown}
 G - 2 potions of resistance {unknown}


   Skills:
 + Level 5.7 Fighting
 + Level 3.2 Short Blades
 + Level 6.0 Dodging
 + Level 6.5 Unarmed Combat
 + Level 5.6 Spellcasting
 + Level 2.9 Conjurations
 + Level 6.0 Transmutations
 + Level 2.7 Fire Magic
 * Level 3.9 Air Magic
 * Level 4.5 Poison Magic
 + Level 5.8 Invocations


You had 11 spell levels left.
You knew the following spells:

 Your Spells              Type           Power      Damage    Failure   Level
a - Beastly Appendage     Tmut           62%        N/A       1%          1
b - Wereblood             Tmut           31%        N/A       1%          2
c - Mephitic Cloud        Conj/Pois/Air  22%        N/A       6%          3
d - Ignite Poison         Fire/Tmut/Pois 24%        N/A       4%          3

Your spell library contained the following spells:

 Spells                   Type           Power      Damage    Failure   Level
 Sting                    Tmut/Pois      100%       1d8       1%          1
 Shock                    Conj/Air       80%        1d8       2%          1
 Poisonous Vapours        Pois/Air       46%        N/A       2%          2
 Spider Form              Tmut/Pois      28%        N/A       3%          3
 Swiftness                Air            22%        N/A       6%          3
 Apportation              Tloc           10%        N/A       11%         1
 Necrotise                Necr           20%        1d5       11%         1
 Summon Small Mammal      Summ           20%        N/A       11%         1
 Olgreb's Toxic Radiance  Pois           25%        N/A       16%         4
 Airstrike                Air            11%        2d(2-18)  21%         4
 Ice Form                 Ice/Tmut       18%        N/A       28%         4
 Corpse Rot               Necr/Pois/Air  17%        N/A       30%         4
 Freezing Cloud           Conj/Ice/Air   7%         6-21      73%         5


Dungeon Overview and Level Annotations

Branches:
Dungeon (7/15)             Temple (0/1) D:6         Ossuary (visited)
 Bailey (visited)

Altars:
Okawaru
Ru
Wu Jian
Yredelemnul
The Shining One

Shops:
D:6 :

Annotations:
D:4 2 runed translucent doors, Wkid's ghost, weakling OpDe


Innate Abilities, Weirdness & Mutations

You cannot wear most types of armour.
You are amphibious.
You can wear up to eight rings at the same time.
Your skin changes colour to match your surroundings (Stealth+).
Your rubbery body absorbs attacks. (AC +1, EV +1)
((You are camouflaged when in or above water. (Stealth+)))
You have tentacles for arms and can constrict up to eight enemies at once.


Message History

The boulder beetle is engulfed in blazing flames.
You completely miss the boulder beetle.
You squeeze the boulder beetle, but do no damage.
The boulder beetle is lightly wounded.
The plant is engulfed in blazing flames.
The boulder beetle bites you!!
Activating: Cleansing Flame (30% risk of failure)
Press: ? - help, Dir - look around, f - activate You fail to use your ability.
The plant is engulfed in blazing flames.
The boulder beetle bites you!!
* * * LOW HITPOINT WARNING * * *
You feel much better.
The plant is engulfed in blazing flames.
The boulder beetle bites you!!
You feel very mighty all of a sudden.
The plant is engulfed in blazing flames.
A nearby plant withers and dies.
The boulder beetle bites you!!
* * * LOW HITPOINT WARNING * * *
You feel much better. The boulder beetle closely misses you.
A red film seems to cover your vision as you go berserk!
You feel yourself moving faster!
You feel mighty!
You tentacle-slap the boulder beetle but do no damage.
You tentacle-slap the boulder beetle, but do no damage.
The boulder beetle is lightly wounded.
You bludgeon the boulder beetle!
The boulder beetle is moderately wounded.
The boulder beetle bites you!
You tentacle-slap the boulder beetle but do no damage.
You squeeze the boulder beetle, but do no damage.
The boulder beetle is moderately wounded.
The boulder beetle bites you!!
* * * LOW HITPOINT WARNING * * *
You tentacle-slap the boulder beetle.
You tentacle-slap the boulder beetle, but do no damage.
The boulder beetle is moderately wounded.
You tentacle-slap the boulder beetle.
The boulder beetle is moderately wounded.
The boulder beetle bites you!!
You die...

#..# # #..#
.# #..#
###.## ##..#
.♣....
##...#♣..♣...
#....#.......
#....#....P..
#...@B.P.P⌠..
#....#.$♣.♣..
#....#♣..♣
##...# ....
#...# ....♣
#...#####.##
##..........
#......####
#.###### #.#


You could see a boulder beetle.

Vanquished Creatures
  A two-headed ogre (Bailey)
  A manticore (D:7)
  A troll (D:7)
  4 spriggans (Bailey)
  A steam dragon (Bailey)
  3 water moccasins
  An acid dragon (D:7)
  2 sky beasts (D:6)
  A black bear (D:5)
  An orc warrior (D:7)
  7 ogres
  2 centaurs
  A phantom (D:7)
  An elf zombie (Ossuary)
  2 kobold brigands
  7 scorpions
  2 bullfrogs (D:7)
  A necrophage (D:5)
  A water moccasin zombie (D:6)
  9 wights (D:6)
  5 killer bees (D:7)
  4 howler monkeys
  3 bullfrog zombies (D:6)
  A jelly (D:6)
  3 human zombies
  4 orc priests
  A hound (D:6)
  5 iguanas
  Jessica (D:2)
  A gnoll bouda (D:5)
  8 orc wizards
  2 mummies (Ossuary)
  Robin (D:4)
  3 howler monkey zombies (D:6)
  5 gnolls
  5 adders
  A shadow imp (D:7)
  A white imp (D:5)
  2 ufetubi
  An adder zombie (Ossuary)
  3 worms
  7 dart slugs
  23 orcs
  5 endoplasms
  6 giant cockroaches
  A gnoll zombie (D:4)
  14 goblins
  10 hobgoblins
  4 quokkas
  6 ball pythons
  A bat (D:2)
  A goblin zombie (Ossuary)
  9 hobgoblin zombies (Ossuary)
  7 kobolds
  11 kobold zombies (Ossuary)
  10 orc zombies (Ossuary)
  6 rats
  2 rat zombies (Ossuary)
232 creatures vanquished.

Vanquished Creatures (others)
  4 plants (D:7)
4 creatures vanquished.

Grand Total: 236 creatures vanquished

Notes
Turn   | Place    | Note
-------+----------+-------------------------------------------
     0 | D:1      | croobank the Octopode Transmuter began the quest for the
                  | Orb.
     0 | D:1      | Reached XP level 1. HP: 13/13 MP: 3/3
   468 | D:1      | Reached XP level 2. HP: 17/18 MP: 3/5
   471 | D:1      | Learned a level 2 spell: Wereblood
   683 | D:1      | Found a faded altar of an unknown god.
   700 | D:1      | Prayed at the altar of an unknown god.
   700 | D:1      | Became a worshipper of the Shining One
   700 | D:1      | Reached * piety under the Shining One
  1271 | D:2      | Reached XP level 3. HP: 23/23 MP: 2/6
  1676 | D:2      | Noticed Jessica
  1682 | D:2      | Killed Jessica
  1683 | D:2      | Reached skill level 1 in Invocations
  1683 | D:2      | Reached XP level 4. HP: 18/29 MP: 4/7
  2525 | D:3      | Reached ** piety under the Shining One
  2526 | D:3      | Reached XP level 5. HP: 34/34 MP: 8/8
  3250 | D:4      | Found a sand-covered staircase.
  3256 | D:4      | Reached XP level 6. HP: 41/41 MP: 10/10
  3269 | D:4      | HP: 1/61 [worm (5)]
  3310 | Ossuary  | Entered an ossuary
  3356 | Ossuary  | Reached *** piety under the Shining One
  3467 | Ossuary  | Reached **** piety under the Shining One
  3485 | Ossuary  | Reached XP level 7. HP: 46/46 MP: 9/11
  3840 | D:4      | Found a runed translucent door.
  3844 | D:4      | Reached ***** piety under the Shining One
  3846 | D:4      | Noticed Wkid's ghost (weakling OpDe)
  3878 | D:4      | Found a runed translucent door.
  4143 | D:4      | Reached XP level 8. HP: 49/54 MP: 13/13
  4572 | D:4      | Noticed Robin
  4574 | D:4      | Killed Robin
  4616 | D:4      | Found an ornate altar of the Wu Jian Council.
  4835 | D:5      | Entered Level 5 of the Dungeon
  4858 | D:5      | Reached skill level 5 in Unarmed Combat
  5186 | D:5      | Reached XP level 9. HP: 41/59 MP: 15/15
  5200 | D:5      | Reached skill level 5 in Dodging
  5754 | D:5      | Reached skill level 5 in Transmutations
  6072 | D:5      | Learned a level 3 spell: Mephitic Cloud
  6076 | D:5      | Learned a level 3 spell: Ignite Poison
  6208 | D:5      | Found an iron altar of Okawaru.
  6703 | D:6      | Found a basalt altar of Yredelemnul.
  6718 | D:6      | Reached skill level 1 in Poison Magic
  6846 | D:6      | Reached skill level 1 in Short Blades
  6846 | D:6      | Reached skill level 1 in Conjurations
  6846 | D:6      | Reached skill level 5 in Invocations
  6848 | D:6      | Reached skill level 1 in Fire Magic
  6851 | D:6      | Reached skill level 5 in Fighting
  6851 | D:6      | Reached skill level 1 in Air Magic
  7071 | D:6      | Reached skill level 5 in Spellcasting
  7144 | D:6      | Found Zyttouca's Self-Improvement Boutique.
  7561 | D:6      | Got the Exposition on Venin
  8106 | D:6      | Found a staircase to the Ecumenical Temple.
  8165 | D:7      | Reached XP level 10. HP: 62/66 MP: 15/17
  8354 | D:7      | Found a sacrificial altar of Ru.
  8606 | D:7      | Noticed a manticore
  8616 | D:7      | Killed a manticore
  8714 | D:7      | Reached ****** piety under the Shining One
  8767 | D:7      | Found a flagged portal.
  8778 | Bailey   | Entered a bailey
  8958 | Bailey   | Noticed a two-headed ogre
  8997 | Bailey   | Killed a two-headed ogre
  9467 | D:7      | Noticed a boulder beetle
  9480 | D:7      | Slain by a boulder beetle

Illustrated notes

Levels and vault maps discovered:
D:1:      nicolae_arrival_washed_ashore, layout_basic,
          hellmonk_ecumenical_altar_prayer_group, st_stairs_3
D:2:      layout_basic, uniq_jessica
D:3:      cheibrodos_pilgrimage, layout_basic
D:4:      kennysheep_big_flooded_room, layout_loops_ring,
          nicolae_wu_jian_wuxing_cycle, ebering_ghost_sewer_f, enter_ossuary_3,
          uniq_robin
D:5:      cheibrodos_fzero, layout_basic, kennysheep_okawaru_gauntlet,
          nrook_loot_triangle, hangedman_abyss_or_decor_slice
D:6:      layout_loops_ring, nicolae_yredelemnul_corpse_copse,
          minmay_temple_entry_nine_rooms, nicolae_shop_self_help
D:7:      layout_cave_pods, lemuel_crystal_altar, enter_bailey_7,
          minmay_the_grid_2x2 [minmay_the_grid_square_x,
          minmay_the_grid_dragon_a, minmay_the_grid_garden,
          minmay_the_grid_prize_big_room]

Skill      XL: |  1  2  3  4  5  6  7  8  9 10 |
---------------+-------------------------------+-----
Invocations    | 1 2 3 4 5 |  5.8
Fighting       | 2 3 4 5 |  5.7
Dodging        | 3 4 5 6 |  6.0
Spellcasting   | 3 4 5 |  5.6
Transmutations | 3 4 5 6 |  6.0
Unarmed Combat | 4 5 6 |  6.5
Poison Magic   | 2 4 |  4.5
Short Blades   | 2 3 |  3.2
Conjurations   | 1 2 |  2.9
Fire Magic     | 1 2 |  2.7
Air Magic      | 1 3 |  3.9

Action                   |  1- 3 |  4- 6 |  7- 9 | 10-12 || total
-------------------------+-------+-------+-------+-------++-------
Melee: Unarmed           |    43 |   114 |   207 |    62 ||   426
       Constrict         |    21 |    40 |    69 |    12 ||   142
       Tentacles         |    17 |    16 |    53 |    17 ||   103
       Kick              |    10 |    37 |    98 |    20 ||   165
       Punch             |     1 |     5 |    12 |     2 ||    20
Throw: Boomerang         |       |       |     5 |    16 ||    21
 Cast: Beastly Appendage |    12 |    21 |    34 |    12 ||    79
       Wereblood         |    10 |    17 |    28 |    11 ||    66
       Mephitic Cloud    |       |       |       |    11 ||    11
       Ignite Poison     |       |       |       |     7 ||     7
Invok: Divine Shield     |       |     2 |       |       ||     2
       Cleansing Flame   |       |       |       |     2 ||     2
  Use: Scroll            |       |     4 |     7 |     5 ||    16
       Potion            |       |     3 |     5 |     9 ||    17
 Stab: Sleeping          |     1 |       |       |       ||     1
Armor: Skin              |       |    23 |     9 |     4 ||    36
Dodge: Dodged            |    17 |    46 |   128 |    70 ||   261
Block: Orb               |       |     4 |       |       ||     4
